BSA
NEW ORLEANS LOOTERS @ ORLANDO CALRISSIAN
09/21/2030
 
TOP OF THE 1ST
New Orleans Looters batting - Pitching for Orlando Calrissian : RHP José Castro
Pitching: RHP José Castro
Batting: LHB Miguel Colón 0-0: Ball
1-0: Foul Ball, location: 2F
1-1: DOUBLE (Flyball, 89D)
Batting: RHB Rubén Vázquez 0-0: Called Strike
0-1: Ball
1-1: Called Strike
1-2: Ball
2-2: Ball
3-2: SINGLE (Groundball, 34S) (infield hit)
Miguel Colón to third
Batting: SHB Arturo Sánchez 0-0: Called Strike
0-1: Called Strike
0-2: Foul Ball, location: 2F
0-2: Foul Ball, location: 2F
0-2: DOUBLE (Line Drive, 89D)
Miguel Colón scores
Rubén Vázquez to third
Batting: SHB Oliver Deleón 0-0: Ball
1-0: Ball
2-0: Called Strike
2-1: Ball
3-1: Ground out 4-3 (Groundball, 34)
Rubén Vázquez scores
Arturo Sánchez to third
Batting: LHB John Hudson 0-0: Foul Ball, location: 2F
0-1: Ball
1-1: Foul Ball, location: 2F
1-2: Strikes out swinging
Batting: RHB Dave O'Loan 0-0: Ball
1-0: SINGLE (Groundball, 56D)
Arturo Sánchez scores
Batting: RHB Tim Gardner 0-0: Ball
1-0: Foul Ball, location: 2F
1-1: Called Strike
1-2: Foul Ball, location: 2F
1-2: Ball
2-2: Foul Ball, location: 2F
2-2: Foul Ball, location: 2F
2-2: SINGLE (Groundball, 6D)
Dave O'Loan to second
Batting: RHB Kolomon Meise 0-0: Called Strike
0-1: Ball
1-1: Foul Ball, location: 2F
1-2: Foul Ball, location: 2F
1-2: Strikes out swinging
Top of the 1st over - 3 runs, 5 hits, 0 errors, 2 left on base; New Orleans 3 - Orlando 0
BOTTOM OF THE 1ST
Orlando Calrissian batting - Pitching for New Orleans Looters : RHP Samuel Émond
Pitching: RHP Samuel Émond
Batting: LHB Craig Kenney 0-0: Ball
1-0: Called Strike
1-1: Ball
2-1: Fly out, F6 (Popup, 6M)
Batting: RHB Sean White 0-0: Called Strike
0-1: Ball
1-1: Ball
2-1: Ball
3-1: Called Strike
3-2: SINGLE (Line Drive, 9)
Batting: RHB Gabriel Ángel 0-0: Called Strike
Sean White steals 2nd base
0-1: Ball
1-1: Foul Ball, location: 2F
1-2: Ball
2-2: Foul Ball, location: 2F
2-2: Ball
3-2: Fly out, F9 (Flyball, 9S)
Batting: RHB Brad Ravenshaw 0-0: Called Strike
0-1: Foul Ball, location: 2F
0-2: Ball
1-2: Ground out 6-3 (Groundball, 6)
Bottom of the 1st over - 0 runs, 1 hit, 0 errors, 1 left on base; New Orleans 3 - Orlando 0
TOP OF THE 2ND
New Orleans Looters batting - Pitching for Orlando Calrissian : RHP José Castro
Batting: SHB Travis Martin 0-0: Called Strike
0-1: Ball
1-1: Ball
2-1: SINGLE (Flyball, 7LM)
Batting: LHB Miguel Colón 0-0: Ball
1-0: Called Strike
1-1: Ball
Travis Martin steals 2nd base
2-1: Foul Ball, location: 2F
2-2: Ball
3-2: Fly out, F9 (Flyball, 89S)
Batting: RHB Rubén Vázquez 0-0: Called Strike
0-1: Fly out, F4 (Popup, 4)
Batting: SHB Arturo Sánchez 0-0: Fly out, F5 (Line Drive, 5)
Top of the 2nd over - 0 runs, 1 hit, 0 errors, 1 left on base; New Orleans 3 - Orlando 0
BOTTOM OF THE 2ND
Orlando Calrissian batting - Pitching for New Orleans Looters : RHP Samuel Émond
Batting: RHB Frederico Hernández 0-0: Ball
1-0: SINGLE (Groundball, 56D)
Batting: LHB Juan Colón 0-0: Ball
1-0: Ball
2-0: Called Strike
2-1: Foul Ball, location: 2F
2-2: Ball
3-2: Ground out U3 (Groundball, 3)
Frederico Hernández to second
Batting: RHB Keith Sims 0-0: Ball
1-0: Called Strike
1-1: Foul Ball, location: 2F
1-2: Ball
2-2: Strikes out swinging
Batting: RHB José Rosales 0-0: Ball
1-0: Ball
Balk!
Frederico Hernández to third
2-0: Foul Ball, location: 2F
2-1: Foul Ball, location: 2F
2-2: Ball
3-2: Foul Ball, location: 2F
3-2: Ground out 1-3 (Groundball, 13S)
Bottom of the 2nd over - 0 runs, 1 hit, 0 errors, 1 left on base; New Orleans 3 - Orlando 0
TOP OF THE 3RD
New Orleans Looters batting - Pitching for Orlando Calrissian : RHP José Castro
Batting: SHB Oliver Deleón 0-0: Ball
1-0: Ball
2-0: Called Strike
2-1: Called Strike
2-2: Strikes out swinging
Batting: LHB John Hudson 0-0: Foul Ball, location: 2F
0-1: Foul Ball, location: 2F
0-2: Foul Ball, location: 2F
0-2: Ground out 4-3 (Groundball, 4)
Pitching: RHP Lance Sanders
Batting: RHB Dave O'Loan 0-0: Foul Ball, location: 2F
0-1: Foul Ball, location: 2F
0-2: Ball
1-2: Ground out 6-3 (Groundball, 6M)
Top of the 3rd over - 0 runs, 0 hits, 0 errors, 0 left on base; New Orleans 3 - Orlando 0
BOTTOM OF THE 3RD
Orlando Calrissian batting - Pitching for New Orleans Looters : RHP Samuel Émond
Batting: RHB Earl Godwin 0-0: Foul Ball, location: 2F
0-1: Ball
1-1: Swinging Strike
1-2: Ball
2-2: Foul Ball, location: 2F
2-2: Strikes out swinging, 2-3 out at first.
Batting: LHB Craig Kenney 0-0: Ball
1-0: Ball
2-0: Fly out, F4 (Popup, 4M)
Batting: RHB Sean White 0-0: Ground out 4-3 (Groundball, 34)
Bottom of the 3rd over - 0 runs, 0 hits, 0 errors, 0 left on base; New Orleans 3 - Orlando 0
TOP OF THE 4TH
New Orleans Looters batting - Pitching for Orlando Calrissian : RHP Lance Sanders
Batting: RHB Tim Gardner 0-0: Swinging Strike
0-1: Swinging Strike
0-2: Ball
1-2: Ball
2-2: Ground out 5-3 (Groundball, 56)
Batting: RHB Kolomon Meise 0-0: Called Strike
0-1: Ball
1-1: Foul Ball, location: 2F
1-2: Ground out 4-3 (Groundball, 4)
Batting: SHB Travis Martin 0-0: Ball
1-0: Ball
2-0: Swinging Strike
2-1: Ground out 5-3 (Groundball, 56)
Top of the 4th over - 0 runs, 0 hits, 0 errors, 0 left on base; New Orleans 3 - Orlando 0
BOTTOM OF THE 4TH
Orlando Calrissian batting - Pitching for New Orleans Looters : RHP Samuel Émond
Batting: RHB Gabriel Ángel 0-0: Ball
1-0: Reached on error, E5 (Groundball, 56)
Batting: RHB Brad Ravenshaw 0-0: Called Strike
0-1: Ball
1-1: Ball
2-1: Foul Ball, location: 2F
2-2: Fly out, F3 (Popup, 3S)
Batting: RHB Frederico Hernández 0-0: Called Strike
0-1: Foul Ball, location: 2F
0-2: Ground out 6-3 (Groundball, 6)
Batting: LHB Juan Colón 0-0: Called Strike
0-1: Ball
1-1: Ground out 5-3 (Groundball, 56)
Bottom of the 4th over - 0 runs, 0 hits, 1 error, 1 left on base; New Orleans 3 - Orlando 0
TOP OF THE 5TH
New Orleans Looters batting - Pitching for Orlando Calrissian : RHP Lance Sanders
Batting: LHB Miguel Colón 0-0: Ball
1-0: Ball
2-0: Called Strike
2-1: Ground out 4-3 (Groundball, 4)
Batting: RHB Rubén Vázquez 0-0: Swinging Strike
0-1: Fly out, F4 (Popup, 13)
Batting: SHB Arturo Sánchez 0-0: Ball
1-0: Ground out 3-1 (Groundball, 34)
Top of the 5th over - 0 runs, 0 hits, 0 errors, 0 left on base; New Orleans 3 - Orlando 0
BOTTOM OF THE 5TH
Orlando Calrissian batting - Pitching for New Orleans Looters : RHP Samuel Émond
Batting: RHB Keith Sims 0-0: Called Strike
0-1: SINGLE (Groundball, 6MD)
Batting: RHB José Rosales 0-0: Called Strike
0-1: Called Strike
0-2: Ball
1-2: Ball
2-2: Strikes out looking
Batting: RHB Earl Godwin 0-0: Ball
1-0: Ball
2-0: Foul Ball, location: 2F
2-1: Called Strike
2-2: Foul Ball, location: 2F
2-2: Strikes out swinging
Batting: LHB Craig Kenney 0-0: Fielders Choice at 2nd, 5-4 (Groundball, 56)
Bottom of the 5th over - 0 runs, 1 hit, 0 errors, 1 left on base; New Orleans 3 - Orlando 0
TOP OF THE 6TH
New Orleans Looters batting - Pitching for Orlando Calrissian : RHP Lance Sanders
Batting: SHB Oliver Deleón 0-0: Ball
1-0: Fly out, F8 (Flyball, 8RS)
Batting: LHB John Hudson 0-0: Ball
1-0: Ball
2-0: Ball
3-0: Called Strike
3-1: DOUBLE (Line Drive, 9LM)
Batting: RHB Dave O'Loan 0-0: Called Strike
0-1: Ball
1-1: Called Strike
1-2: Ground out 2-3 (Groundball, 2L)
John Hudson to third
Batting: RHB Tim Gardner 0-0: Ball
1-0: Swinging Strike
1-1: Swinging Strike
1-2: Foul Ball, location: 2F
1-2: Foul Ball, location: 2F
1-2: SINGLE (Flyball, 78M)
John Hudson scores
Pitching: LHP Keith Jennings
Batting: RHB Kolomon Meise 0-0: Ball
1-0: Called Strike
1-1: Foul Ball, location: 2F
1-2: Ball
2-2: Fly out, F9 (Flyball, 9)
Top of the 6th over - 1 run, 2 hits, 0 errors, 1 left on base; New Orleans 4 - Orlando 0
BOTTOM OF THE 6TH
Orlando Calrissian batting - Pitching for New Orleans Looters : RHP Samuel Émond
Batting: RHB Sean White 0-0: Ball
1-0: Foul Ball, location: 2F
1-1: Ball
2-1: Swinging Strike
2-2: Ball
3-2: Fly out, F9 (Flyball, 9LM)
Batting: RHB Gabriel Ángel 0-0: Called Strike
0-1: Swinging Strike
0-2: Strikes out swinging, 2-3 out at first.
Batting: RHB Brad Ravenshaw 0-0: Called Strike
0-1: Called Strike
0-2: Ball
1-2: Ground out 6-3 (Groundball, 6)
Bottom of the 6th over - 0 runs, 0 hits, 0 errors, 0 left on base; New Orleans 4 - Orlando 0
TOP OF THE 7TH
New Orleans Looters batting - Pitching for Orlando Calrissian : LHP Keith Jennings
Batting: SHB Travis Martin 0-0: Ball
1-0: Called Strike
1-1: Foul Ball, location: 2F
1-2: Ball
2-2: Ball
3-2: Ground out 6-3 (Groundball, 6)
Batting: LHB Miguel Colón 0-0: Ball
1-0: Foul Ball, location: 2F
1-1: Swinging Strike
1-2: Foul Ball, location: 2F
1-2: Ball
2-2: Ball
3-2: Base on Balls
Batting: RHB Rubén Vázquez 0-0: Called Strike
0-1: Swinging Strike
0-2: Fly out, F9 (Flyball, 89S)
Batting: SHB Arturo Sánchez 0-0: Ball
1-0: Ball
2-0: Ball
3-0: Base on Balls
Miguel Colón to second
Batting: SHB Oliver Deleón 0-0: Ball
1-0: Ball
2-0: Ball
3-0: Called Strike
3-1: Base on Balls
Miguel Colón to third
Arturo Sánchez to second
Batting: LHB John Hudson 0-0: Ball
1-0: Fly out, F9 (Flyball, 9LM)
Top of the 7th over - 0 runs, 0 hits, 0 errors, 3 left on base; New Orleans 4 - Orlando 0
BOTTOM OF THE 7TH
Orlando Calrissian batting - Pitching for New Orleans Looters : RHP Samuel Émond
Batting: RHB Frederico Hernández 0-0: Ball
1-0: Ball
2-0: Swinging Strike
2-1: Foul Ball, location: 2F
2-2: Foul Ball, location: 2F
2-2: Strikes out swinging
Batting: LHB Juan Colón 0-0: Ball
1-0: Foul Ball, location: 2F
1-1: SINGLE (Groundball, 4D)
Pitching: RHP Jun Kawashima
Batting: RHB Keith Sims 0-0: Reached on error, E5 (Groundball, 5)
Juan Colón to second
Batting: RHB José Rosales 0-0: Ball
Juan Colón steals 3rd base
Keith Sims to second
1-0: Swinging Strike
1-1: Ball
2-1: Ball
3-1: Called Strike
3-2: Strikes out looking
Batting: RHB Earl Godwin 0-0: Reached on error, E5 (Groundball, 56)
Juan Colón scores
Keith Sims scores
Batting: LHB Craig Kenney 0-0: Called Strike
0-1: Ball
1-1: Ball
2-1: 2-RUN HOME RUN (Flyball, 9D), Distance : 377 ft
Pitching: RHP Ienobu Sato
Batting: RHB Sean White 0-0: Swinging Strike
0-1: Ball
1-1: Foul Ball, location: 2F
1-2: Ground out 6-3 (Groundball, 6)
Bottom of the 7th over - 4 runs, 2 hits, 2 errors, 0 left on base; New Orleans 4 - Orlando 4
TOP OF THE 8TH
New Orleans Looters batting - Pitching for Orlando Calrissian : LHP Keith Jennings
Batting: RHB Dave O'Loan 0-0: Ball
1-0: Foul Ball, location: 2F
1-1: Foul Ball, location: 2F
1-2: Ball
2-2: Fly out, F7 (Flyball, 7)
Batting: RHB Tim Gardner 0-0: Ball
1-0: Ball
2-0: Foul Ball, location: 2F
2-1: Called Strike
2-2: Fly out, F7 (Flyball, 7S)
Batting: RHB Kolomon Meise 0-0: SINGLE (Groundball, 6MD)
Batting: SHB Travis Martin 0-0: Ground out 1-3 (Groundball, 13)
Top of the 8th over - 0 runs, 1 hit, 0 errors, 1 left on base; New Orleans 4 - Orlando 4
BOTTOM OF THE 8TH
Orlando Calrissian batting - Pitching for New Orleans Looters : RHP Ienobu Sato
Batting: RHB Gabriel Ángel 0-0: Called Strike
0-1: Ball
1-1: SOLO HOME RUN (Flyball, 9LD), Distance : 346 ft
Batting: RHB Brad Ravenshaw 0-0: Called Strike
0-1: Ball
1-1: Ball
2-1: Ball
3-1: Called Strike
3-2: Strikes out looking
Batting: RHB Frederico Hernández 0-0: Called Strike
0-1: Ball
1-1: Ground out 5-3 (Groundball, 56)
Batting: LHB Juan Colón 0-0: Ball
1-0: Ball
2-0: Called Strike
2-1: Ball
3-1: Base on Balls
Pinch Hitting: SHB Javier Jiménez 0-0: SINGLE (Groundball, 4MD)
Juan Colón to second
Runner from 2nd tries for 3rd, SAFE, throw made to third
Batting: RHB José Rosales 0-0: Ball
1-0: Ball
2-0: Ball
3-0: Base on Balls
Javier Jiménez to second
Pinch Hitting: RHB Jesús Gonzáles 0-0: Ball
1-0: Foul Ball, location: 2F
1-1: Foul Ball, location: 2F
1-2: Fly out, F7 (Flyball, 7S)
Bottom of the 8th over - 1 run, 2 hits, 0 errors, 3 left on base; New Orleans 4 - Orlando 5
TOP OF THE 9TH
New Orleans Looters batting - Pitching for Orlando Calrissian : LHP Keith Jennings
Pitching: LHP Mike Murray
Now at 2B: Jesús Gonzáles
Now at 3B: Júlio Negrón
Batting: LHB Miguel Colón 0-0: Ball
1-0: Foul Ball, location: 2F
1-1: Foul Ball, location: 2F
1-2: Foul Ball, location: 2F
1-2: Ball
2-2: Ball
3-2: Ground out U3 (Groundball, 3L)
Batting: RHB Rubén Vázquez 0-0: Called Strike
0-1: Ball
1-1: Ground out 6-3 (Groundball, 56)
Batting: SHB Arturo Sánchez 0-0: Swinging Strike
0-1: Ball
1-1: Swinging Strike
1-2: Foul Ball, location: 2F
1-2: Foul Ball, location: 2F
1-2: Strikes out looking
Top of the 9th over - 0 runs, 0 hits, 0 errors, 0 left on base; New Orleans 4 - Orlando 5
Saturday, April 7th, 2018 - OOTP Baseball 18.8 Build 76